 Dungeon Crawl Stone Soup version 0.31-a0-210-gccc998df9b (webtiles) character file.

Game seed: 10428765657444268751

42 lunkers the Slasher (level 4, -3/35 HPs)
             Began as a Meteoran Wanderer on June 29, 2023.
             Was an Initiate of Ru.
             Slain by a gnoll
             ... wielding a +4 halberd
              (16 damage)
             ... on level 3 of the Dungeon.
             The game lasted 00:02:19 (794 turns).

lunkers the Slasher (Meteoran Wanderer)              Turns: 794, Time: 00:02:19

Health: -3/35      AC:  3    Str: 16    XL:     4   Next: 3%
Magic:  4/7        EV: 11    Int: 12    God:    Ru [......]
Gold:   68         SH:  0    Dex: 14    Spells: 4/5 levels left

rFire   . . .        a - +2 falchion
rCold   . . .        (no shield)
rNeg    . . .        d - +0 leather armour
rPois   .            (no helmet)
rElec   .            (no cloak)
rCorr   .            (no gloves)
SInv    .            (no boots)
Will    .....        (no amulet)
Stlth   +            k - ring of flight
HPRegen 0.25/turn    (no ring)
MPRegen 0.10/turn

%: no passive effects
@: flying, glowing
A: sense surroundings 1, otherworldly, glowing, explore regen
a: Renounce Religion


You were on level 3 of the Dungeon.
You worshipped Ru.
Ru was noncommittal.
You visited 1 branch of the dungeon, and saw 3 of its levels.

You collected 68 gold pieces.

Inventory:

Hand Weapons
 a - a +2 falchion (weapon)
 h - a +1 short sword of protection
Armour
 d - a +0 leather armour (worn)
Jewellery
 k - a ring of flight (left hand)
Wands
 b - a wand of flame (5)
Scrolls
 c - a scroll of blinking
Potions
 g - a potion of mutation
 i - a potion of attraction
 j - a potion of curing {unknown}


   Skills:
 - Level 1.1 Fighting
 + Level 4.6 Long Blades
 - Level 1.2 Dodging
 - Level 1.3 Spellcasting
 - Level 3.6 Fire Magic
 - Level 2.4 Evocations


You had 4 spell levels left.
You knew the following spells:

 Your Spells              Type           Power      Damage    Failure   Level
p - Foxfire               Conj/Fire      20%        2x1d5     17%         1

Your spell library contained the following spells:

 Spells                   Type           Power      Damage    Failure   Level
 Volatile Blastmotes      Fire/Tloc      10%        2d10      45%         3
 Call Canine Familiar     Summ           0%         N/A       71%         3
 Portal Projectile        Hex/Tloc       0%         N/A       71%         3
 Leda's Liquefaction      Hex/Erth       0%         N/A       98%         4


Dungeon Overview and Level Annotations

Branches:
Dungeon (3/15) Zot: 1000

Altars:
Ru


Innate Abilities, Weirdness & Mutations

You passively map a small area around you.
You are easily found by Zot.
You glow in the dark.
You regain HP and MP as you explore.


Message History

Your foxfire dissipates! x2
Key pressed, stopping explore.
No target in view!
No target in view!
Your foxfire dissipates!
Found an escape hatch in the floor.
No target in view!
Found a stone staircase leading down.
No target in view!
A gnoll comes into view. It is wielding a +4 halberd.
The gnoll shouts!
A gnoll comes into view. It is wielding a +0 spear.
You conjure some foxfire!
The gnoll shouts!
A gnoll comes into view. It is wielding a +0 club.
The foxfire hits the gnoll.
The gnoll is moderately wounded.
Unknown command.
You conjure some foxfire!
The gnoll hits you from afar with a +4 halberd!
* * * LOW HITPOINT WARNING * * *
Casting: Foxfire (safe; 17% risk of failure)
Press: ? - help, Q - select action, (/) - cycle Dir - look around, f - activate You conjure some foxfire!
The foxfire hits the gnoll but does no damage.
The gnoll is moderately wounded.
The gnoll hits you from afar with a +4 halberd.
* * * LOW HITPOINT WARNING * * *
Casting: Foxfire (safe; 17% risk of failure)
Press: ? - help, Q - select action, (/) - cycle Dir - look around, f - activate You conjure some foxfire!
The foxfire hits the gnoll.
The gnoll is heavily wounded.
The foxfire hits the gnoll but does no damage.
The gnoll is heavily wounded.
The foxfire hits the gnoll but does no damage.
The gnoll is heavily wounded.
The gnoll barely misses you.
The gnoll hits you from afar with a +4 halberd!
You die...

.........................>#
#######.#.#.#.....#.#####.
, #.#.#.#.#####.# , ,, ,
#.#.#.........# , ,
#.#.######.#####.# ,
#.#.........g.gg..* , ..
#.########.#####..*
..#######...v§.gg..# * *
......).....v@.g#### ** *
............§§..# , ,
...§............#* , ,
...§.....########* *
...§....†# .........# *
...).....## *
##...........## , * ,
............#.## ,,


You could see 3 gnolls.

Vanquished Creatures
  4 orcs (D:3)
  4 endoplasms
  3 goblins
  2 hobgoblins (D:1)
  4 jackals (D:1)
  A quokka (D:1)
  3 ball pythons
  2 bats
  2 frilled lizards (D:1)
  7 kobolds
  2 rats
34 creatures vanquished.

Vanquished Creatures (others)
  47 foxfires
47 creatures vanquished.

Grand Total: 81 creatures vanquished

Notes
Turn   | Place    | Note
-------+----------+-------------------------------------------
     0 | D:1      | lunkers the Meteoran Wanderer began the quest for the Orb.
     0 | D:1      | lunkers set off with the following items: a +2 falchion, a
                  | wand of flame (5), a scroll of blinking, a +0 leather
                  | armour; and the following spell memorised: Foxfire; and the
                  | following spells available to memorise: Volatile
                  | Blastmotes.
     0 | D:1      | Reached XP level 1. HP: 16/16 MP: 3/3
   354 | D:1      | Reached skill level 3 in Long Blades
   354 | D:1      | Reached XP level 2. HP: 23/23 MP: 1/5
   398 | D:1      | Reached XP level 3. HP: 20/28 MP: 1/6
   422 | D:1      | Reached skill level 4 in Long Blades
   495 | D:1      | Glimpsed the power of Zot.
   724 | D:3      | Found a sacrificial altar of Ru.
   729 | D:3      | Became a worshipper of Ru the Awakened
   744 | D:3      | Reached XP level 4. HP: 35/35 MP: 4/7
   794 | D:3      | Slain by a gnoll

Illustrated notes

Levels and vault maps discovered:
D:1:      minmay_arrival_stone_box, layout_basic
D:2:      layout_rooms, uniq_terence
D:3:      layout_basic, nicolae_ru_awakened_eye, kennysheep_generic_room_2

Skill      XL: |  1  2  3 |
---------------+----------+-----
Long Blades    | 3 4 |  4.6
Fighting       | |  1.1
Dodging        | |  1.2
Spellcasting   | |  1.3
Fire Magic     | |  3.6
Evocations     | |  2.4

Action                     |  1- 3 |  4- 6 || total
---------------------------+-------+-------++-------
  Melee: Falchion          |    43 |       ||    43
   Cast: Foxfire           |    33 |     7 ||    40
    Use: Scroll            |     4 |       ||     4
 Armour: Leather armour    |    18 |       ||    18
  Dodge: Dodged            |    21 |     1 ||    22

Table legend: (Time is in decaauts)
 A = Elapsed time spent in this place.
 B = Non-inter-level travel time spent in this place.
 C = Inter-level travel time spent in this place.
 D = Time resting spent in this place.
 E = Time spent auto-exploring this place.
 F = Levels seen in this place.
 G = Mean time per level.
                   A        B        C        D        E       F      G
               +--------+--------+--------+--------+--------+-----+--------+
         Total |    798 |    798 |      0 |      0 |    591 |   3 |  266.0 |
       Dungeon |    798 |    798 |      0 |      0 |    591 |   3 |  266.0 |
               +--------+--------+--------+--------+--------+-----+--------+

Top non-repeatable levels by time:
     D:1: 511 daAuts
     D:3: 177 daAuts
     D:2: 109 daAuts
